 Dungeon Crawl Stone Soup version 0.32-a0-42-ga30500b4d3 (webtiles) character file.

Game seed: 17144831667802021675

88 Ceno the Vexing (level 4, -3/24 HPs)
             Began as a Vampire Enchanter on Feb 3, 2024.
             Slain by Crazy Yiuf
             ... wielding a +2 quarterstaff of chaos
              (8 damage)
             ... on level 3 of the Dungeon.
             The game lasted 00:11:55 (2707 turns).

Ceno the Vexing (Vampire Enchanter)                 Turns: 2707, Time: 00:11:57

Health: -3/24      AC:  3    Str:  7    XL:     4   Next: 29%
Magic:  0/7        EV: 12    Int: 19    God:
Gold:   235        SH:  0    Dex: 14    Spells: 2/7 levels left

rFire   . . .        q - +1 dagger (venom)
rCold   + + .        (no shield)
rNeg    + + +        b - +0 robe
rPois   ∞            j - +0 helmet
rElec   .            (no cloak)
rCorr   .            (no gloves)
SInv    +            (no boots)
Will    .....        l - amulet of guardian spirit
Stlth   +++++        (no ring)
HPRegen 0.00/turn    (no ring)
MPRegen 0.10/turn

%: guardian spirit
@: bloodless, inhibited regen
A: bloodless, fangs 3, see invisible, vampiric 2
a: Bat Form, Revivify


You were on level 3 of the Dungeon.
You visited 1 branch of the dungeon, and saw 3 of its levels.

You collected 235 gold pieces.

Inventory:

Hand Weapons
 q - a +1 dagger of venom (weapon)
Missiles
 d - 21 stones (quivered)
 h - 6 boomerangs
 o - 3 poisoned darts
Armour
 b - a +0 robe (worn)
 j - a +0 helmet (worn)
Jewellery
 l - an amulet of guardian spirit (around neck)
 u - an amulet of the acrobat
Scrolls
 f - a scroll of enchant weapon {unknown}
 g - a scroll of enchant armour {unknown}
 k - a scroll of revelation {unknown}
 m - a scroll of teleportation {unknown}
 p - a scroll of immolation {unknown}
 r - a scroll of identify {unknown}
 s - a scroll of vulnerability {unknown}
 t - a scroll of fear {unknown}
Potions
 a - 2 potions of heal wounds {unknown}
 c - 3 potions of invisibility
 e - a potion of lignification {unknown}
 i - a potion of ambrosia {unknown}
 n - 2 potions of curing {unknown}


   Skills:
 - Level 1.5 Short Blades
 - Level 2.1 Dodging
 + Level 5.4 Stealth
 + Level 2.4 Spellcasting
 * Level 6.2 Hexes


You had 2 spell levels left.
You knew the following spells:

 Your Spells              Type           Power      Damage    Failure   Level
a - Ensorcelled Hibernat  Hex/Ice        28%        N/A       7%          2
b - Confusing Touch       Hex            26%        N/A       3%          3

Your spell library contained the following spells:

 Spells                   Type           Power      Damage    Failure   Level
 Sting                    Conj/Alch      8%         1d3       16%         1
 Mercury Vapours          Alch/Air       4%         N/A       24%         2
 Tukima's Dance           Hex            26%        N/A       3%          3
 Dazzling Flash           Conj/Hex       28%        N/A       14%         3
 Fugue of the Fallen      Necr           2%         N/A       43%         3
 Ozocubu's Armour         Ice            2%         N/A       43%         3
 Manifold Assault         Tloc           2%         N/A       85%         4
 Olgreb's Toxic Radiance  Alch           2%         N/A       85%         4
 Ozocubu's Refrigeration  Ice            1%         4d7       100%        7
 Discord                  Hex            13%        N/A       100%        8


Dungeon Overview and Level Annotations

Branches:
Dungeon (3/15)

Altars:

Annotations:
D:3 3 runed translucent doors, Crazy Yiuf; HHeCNeOSiFe's ghost, amateur VSBe


Innate Abilities, Weirdness & Mutations

You do not regenerate when monsters are visible.
You are frail without blood (-20% HP).
You can heal yourself when you bite living creatures.
You are immune to poison.
You have razor-sharp teeth.
You have supernaturally acute eyesight. (SInv)
You are afflicted with vampirism and can become a bat while bloodless.


Message History

Found a stone staircase leading down.
You now have 235 gold pieces (gained 11).
Found a hammer.
Found two hammers.
You see here a +0 hammer.
Found six hammers and a runed hammer.
Found a runed translucent door.
You see here a +0 hammer.
Found a glowing hammer.
You see here a +0 hammer.
You see here a +0 hammer.
Found three hammers.
Crazy Yiuf shouts!
You see here a +0 hammer.
Casting: Ensorcelled Hibernation (safe; 7% risk of failure)
Confirm with . or Enter, or press ? or * to list all spells.
Your hands begin to glow red.
Crazy Yiuf laughs, "Walk senile fast!"
Press: ? - help, v - describe, . - travel, g - get item
Here: Crazy Yiuf, wielding a +2 quarterstaff of chaos and wearing a +0 cloak (chance to confuse on hit: 66%, fire blocked by a runed translucent door) Item here: a hammer.
The floor.
You open the door. You closely miss Crazy Yiuf. You barely miss Crazy Yiuf.
Crazy Yiuf hits you with a +2 quarterstaff of chaos!
You convulse!
You closely miss Crazy Yiuf. You bite Crazy Yiuf, but do no damage.
Crazy Yiuf hits you with a +2 quarterstaff of chaos!
* * * LOW HITPOINT WARNING * * *
You closely miss Crazy Yiuf. Crazy Yiuf barely misses you.
You hit Crazy Yiuf but do no damage.
Crazy Yiuf appears confused.
You bite Crazy Yiuf, but do no damage.
You strike the helpless Crazy Yiuf from behind!
You bite Crazy Yiuf, and draw his blood!
You feel better.
You puncture Crazy Yiuf! You punch Crazy Yiuf, but do no damage.
You bite Crazy Yiuf.
Crazy Yiuf is almost dead.
Crazy Yiuf laughs.
Crazy Yiuf hits you with a +2 quarterstaff of chaos!
You die...

.# #.....# #....####.....#+##
.####.....# #....# #........#
....'.....# #....# #........#
.#.##.....# #)..## #........#
..........# ##)## #........#
..........# #)## #........#
.#.#####..## ##)# #........#
...........# #)## #......>.#
.#.#####..## ##@# #........#
.#.........# #g# #.#####.##
..........## ))) #....##.####
.#.######.## #)))# #...........
...........# #).)# #..........#
...######.## ##### #.##+##..#.#
...#.......# #.....#.....
...#..#.#.############.....#..###
...................#.#.....#..# #


You could see Crazy Yiuf (confused).

Vanquished Creatures
  An adder (D:3)
  2 ribbon worms
  2 dart slugs
  3 orcs (D:3)
  7 endoplasms
  A giant cockroach (D:3)
  7 goblins
  7 hobgoblins
  7 jackals
  2 kobolds
  A quokka (D:3)
  6 ball pythons
  7 bats
  2 frilled lizards
  4 rats
59 creatures vanquished.

Notes
Turn   | Place    | Note
-------+----------+-------------------------------------------
     0 | D:1      | Ceno the Vampire Enchanter began the quest for the Orb.
     0 | D:1      | Reached XP level 1. HP: 13/13 MP: 3/3
   149 | D:1      | Reached XP level 2. HP: 19/19 MP: 5/5
   155 | D:1      | Learned a level 2 spell: Ensorcelled Hibernation
   160 | D:1      | Reached skill level 5 in Hexes
   557 | D:1      | Found a faded altar of an unknown god.
   561 | D:1      | Reached skill level 5 in Stealth
   561 | D:1      | Gained mutation: You are afflicted with vampirism and can
                  | become a bat while bloodless. [Vampire growth]
   561 | D:1      | Reached XP level 3. HP: 23/24 MP: 6/6
   855 | D:2      | Learned a level 3 spell: Confusing Touch
  1258 | D:2      | Identified the +0 ring mail of Daffodils {Harm rN+}
  1587 | D:3      | Found a runed translucent gate.
  1587 | D:3      | Found a runed translucent gate.
  1587 | D:3      | Found a runed translucent gate.
  1596 | D:3      | Noticed HHeCNeOSiFe's ghost (amateur VSBe)
  2065 | D:3      | Reached skill level 6 in Hexes
  2167 | D:3      | Reached XP level 4. HP: 24/24 MP: 7/7
  2696 | D:3      | Found a runed translucent door.
  2697 | D:3      | Noticed Crazy Yiuf
  2704 | D:3      | HP: 1/24 [Crazy Yiuf/+2 quarterstaff of chaos (8)]
  2707 | D:3      | Slain by Crazy Yiuf

Illustrated notes

Levels and vault maps discovered:
D:1:      orjb1_lava_funnel, layout_loops_cross,
          hellmonk_ecumenical_altar_leap_of_faith, grunt_decor_arrowhead
D:2:      layout_loops_cross
D:3:      layout_basic, gammafunk_ghost_split, minmay_circle_x,
          uniq_crazy_yiuf_cottage

Skill      XL: |  1  2  3 |
---------------+----------+-----
Hexes          | 5 6 |  6.2
Stealth        | 5 |  5.4
Short Blades   | |  1.5
Dodging        | |  2.1
Spellcasting   | |  2.4

Action                     |  1- 3 |  4- 6 || total
---------------------------+-------+-------++-------
  Melee: Dagger            |   108 |    21 ||   129
         Bite              |     7 |     4 ||    11
         Punch             |     2 |     1 ||     3
  Throw: Stone             |     2 |       ||     2
   Cast: Ensorcelled Hiber |    16 |     3 ||    19
         Confusing Touch   |     4 |     2 ||     6
Ability: Exsanguinate      |     1 |       ||     1
   Stab: Sleeping          |    31 |     4 ||    35
         Distracted        |     1 |       ||     1
         Confused          |       |     1 ||     1
 Armour: Robe              |    34 |    12 ||    46
  Dodge: Dodged            |    61 |     8 ||    69

Table legend: (Time is in decaauts)
 A = Elapsed time spent in this place.
 B = Non-inter-level travel time spent in this place.
 C = Inter-level travel time spent in this place.
 D = Time resting spent in this place.
 E = Time spent auto-exploring this place.
 F = Levels seen in this place.
 G = Mean time per level.
                   A        B        C        D        E       F      G
               +--------+--------+--------+--------+--------+-----+--------+
         Total |   2697 |   2593 |    104 |    177 |   1325 |   3 |  899.0 |
       Dungeon |   2697 |   2593 |    104 |    177 |   1325 |   3 |  899.0 |
               +--------+--------+--------+--------+--------+-----+--------+

Top non-repeatable levels by time:
     D:3: 1070 daAuts
     D:1: 814 daAuts
     D:2: 812 daAuts
